 Dungeon Crawl Stone Soup version 0.31.0-11-ge490571c62 (webtiles) character file.

Game seed: 8652728347444675553

648 monsoonserge the Gusty (level 7, 0/51 HPs)
             Began as a Gnoll Air Elementalist on Feb 9, 2024.
             Slain by a two-headed ogre
             ... wielding a +0 giant club
              (11 damage)
             ... on level 5 of the Dungeon.
             The game lasted 00:14:24 (4392 turns).

monsoonserge the Gusty (Gnoll Air Elementalist)     Turns: 4392, Time: 00:14:24

Health: 0/51       AC:  9    Str: 13    XL:     7   Next: 53%
Magic:  6/15       EV: 13    Int: 16    God:
Gold:   304        SH:  0    Dex: 13    Spells: 9/17 levels left

rFire   . . .        e - +1 spear (venom)
rCold   . . .        (no shield)
rNeg    . . .        q - +0 leather armour
rPois   .            t - +0 helmet
rElec   .            s - scarf {repulsion}
rCorr   .            f - +0 pair of gloves
SInv    .            (no boots)
Will    .....        (no amulet)
Stlth   +++          m - +4 ring of protection
HPRegen 0.28/turn    w - +6 ring of strength
MPRegen 0.14/turn

%: repel missiles
@: no status effects
A: fangs 1, strong nose, distributed training
a: no special abilities


You were on level 5 of the Dungeon.
You visited 1 branch of the dungeon, and saw 5 of its levels.

You collected 304 gold pieces.

Inventory:

Hand Weapons
 e - a +1 spear of venom (weapon)
 u - a +1 dagger of pain
Missiles
 x - 6 poisoned darts (quivered)
 C - a boomerang
Armour
 a - a +0 robe
 f - a +0 pair of gloves (worn)
 q - a +0 leather armour (worn)
 s - a scarf of repulsion (worn)
 t - a +0 helmet (worn)
 v - a +0 ring mail
Magical Staves
 B - a staff of earth
Jewellery
 m - a +4 ring of protection (left hand)
 w - a +6 ring of strength (right hand)
Scrolls
 d - 2 scrolls of blinking {unknown}
 g - 5 scrolls of identify {unknown}
 h - a scroll of acquirement {unknown}
 k - 2 scrolls of enchant weapon {unknown}
 l - 3 scrolls of amnesia {unknown}
 p - a scroll of teleportation {unknown}
 y - a scroll of noise {unknown}
 A - a scroll of fog {unknown}
Potions
 b - a potion of magic
 c - a potion of ambrosia {unknown}
 i - 4 potions of lignification {unknown}
 j - 3 potions of curing {unknown}
 n - a potion of degeneration {unknown}
 o - a potion of mutation {unknown}
 r - 2 potions of heal wounds {unknown}
 z - a potion of haste {unknown}
 D - a potion of brilliance {unknown}


   Skills:
 + Level 2.6 Fighting
 + Level 2.6 Short Blades
 + Level 2.6 Long Blades
 + Level 2.6 Axes
 + Level 2.6 Maces & Flails
 + Level 2.6 Polearms
 + Level 2.6 Staves
 + Level 2.6 Ranged Weapons
 + Level 2.6 Throwing
 + Level 2.6 Armour
 + Level 5.3 Dodging
 + Level 5.0 Stealth
 + Level 2.6 Shields
 + Level 2.6 Unarmed Combat
 + Level 5.7 Spellcasting
 + Level 3.1 Conjurations
 + Level 2.1 Hexes
 + Level 2.1 Summonings
 + Level 2.1 Necromancy
 + Level 2.1 Translocations
 + Level 2.1 Fire Magic
 + Level 2.1 Ice Magic
 + Level 5.9 Air Magic
 + Level 2.1 Earth Magic
 + Level 2.1 Alchemy
 + Level 3.0 Invocations
 + Level 2.6 Evocations
 + Level 2.4 Shapeshifting


You had 9 spell levels left.
You knew the following spells:

 Your Spells              Type           Power      Damage    Failure   Level
a - Shock                 Conj/Air       76%        1d7       2%          1
b - Swiftness             Air            23%        N/A       4%          3
c - Airstrike             Air            11%        2d(2-18)  16%         4

Your spell library contained the following spells:

 Spells                   Type           Power      Damage    Failure   Level
 Static Discharge         Conj/Air       38%        3-5/arc   4%          2
 Mercury Vapours          Alch/Air       34%        N/A       5%          2
 Sting                    Conj/Alch      52%        1d6       6%          1
 Hailstorm                Conj/Ice       13%        3d6       19%         3
 Summon Ice Beast         Ice/Summ       11%        N/A       22%         3
 Olgreb's Toxic Radiance  Alch           11%        N/A       58%         4
 Sculpt Simulacrum        Ice/Alch       5%         N/A       100%        6


Dungeon Overview and Level Annotations

Branches:
Dungeon (5/15)
 Temple: D:4-7

Altars:
Dithmenos
Okawaru

Annotations:
D:3 1 runed translucent door, peterlawrence's ghost, amateur MiFi


Innate Abilities, Weirdness & Mutations

You have very sharp teeth.
Your uncanny sense of smell can sniff out nearby items.
Your experience applies equally to all skills.


Message History

Aiming: Shock (safe; 2% risk of failure)
Press: ? - help, Shift-Dir - straight line, f/p - scorpion
Aim: a scorpion (heavily wounded, 71% to hit)
The zap hits the two-headed ogre.
The two-headed ogre is moderately wounded.
The zap hits the scorpion but does no damage.
The scorpion is heavily wounded.
Casting: Shock (safe; 2% risk of failure)
Confirm with . or Enter, or press ? or * to list all spells.
Aiming: Shock (safe; 2% risk of failure)
Press: ? - help, Shift-Dir - straight line, f/p - scorpion
Aim: a scorpion (heavily wounded, 71% to hit)
The zap hits the two-headed ogre.
The two-headed ogre is heavily wounded.
The zap hits the scorpion but does no damage.
The scorpion is heavily wounded.
Casting: Shock (safe; 2% risk of failure)
Confirm with . or Enter, or press ? or * to list all spells.
Aiming: Shock (safe; 2% risk of failure)
Press: ? - help, Shift-Dir - straight line, f/p - scorpion
Aim: a scorpion (heavily wounded, 71% to hit)
The zap hits the two-headed ogre.
The two-headed ogre is heavily wounded.
The zap misses the scorpion.
The two-headed ogre hits you with a +0 giant club!!
The two-headed ogre hits you with a +0 giant club!
* * * LOW HITPOINT WARNING * * *
You aren't carrying any items that you can evoke.
Casting: Shock (safe; 2% risk of failure)
Confirm with . or Enter, or press ? or * to list all spells.
Aiming: Shock (safe; 2% risk of failure)
Press: ? - help, Shift-Dir - straight line, f/p - scorpion
Aim: a scorpion (heavily wounded, 71% to hit)
The zap hits the two-headed ogre but does no damage.
The two-headed ogre is heavily wounded.
The zap hits the scorpion.
The scorpion is almost dead.
The two-headed ogre misses you.
The two-headed ogre hits you with a +0 giant club!
You die...

.S..... #...
..O....## #...
........# #... #.#
#... #.# #### #.#
#### #s#
#........#... #O#
#........#...
#@####........#...
#...##........#...
###.##........#...
#..#........#...
##..........#...
#..........#...
##..#.#######.##
#...#.#######.#
##..)#.......>.#


You could see a two-headed ogre and a scorpion.

Vanquished Creatures
  2 black bears
  A centaur (D:5)
  A scorpion (D:5)
  A jelly (D:5)
  A hound (D:4)
  An orc priest (D:4)
  Terence (D:3)
  An orc wizard (D:4)
  Robin (D:3)
  3 gnolls (D:4)
  6 adders
  3 dart slugs
  A ribbon worm (D:2)
  3 orcs
  6 ball pythons
  4 endoplasms
  A giant cockroach (D:1)
  13 goblins
  12 hobgoblins
  4 jackals (D:3)
  3 quokkas
  5 bats
  6 frilled lizards
  7 kobolds
  6 rats
93 creatures vanquished.

Notes
Turn   | Place    | Note
-------+----------+-------------------------------------------
     0 | D:1      | monsoonserge the Gnoll Air Elementalist began the quest for
                  | the Orb.
     0 | D:1      | Reached XP level 1. HP: 13/13 MP: 6/6
    49 | D:1      | Reached XP level 2. HP: 6/19 MP: 0/7
  1080 | D:2      | Reached skill level 5 in Spellcasting
  1080 | D:2      | Reached XP level 3. HP: 22/25 MP: 0/9
  1096 | D:1      | Learned a level 3 spell: Swiftness
  1188 | D:2      | Reached skill level 1 in Invocations
  1228 | D:2      | Reached skill level 1 in Fighting
  1228 | D:2      | Reached skill level 1 in Short Blades
  1228 | D:2      | Reached skill level 1 in Long Blades
  1228 | D:2      | Reached skill level 1 in Axes
  1228 | D:2      | Reached skill level 1 in Maces & Flails
  1228 | D:2      | Reached skill level 1 in Polearms
  1228 | D:2      | Reached skill level 1 in Staves
  1228 | D:2      | Reached skill level 1 in Ranged Weapons
  1228 | D:2      | Reached skill level 1 in Throwing
  1228 | D:2      | Reached skill level 1 in Armour
  1228 | D:2      | Reached skill level 1 in Shields
  1228 | D:2      | Reached skill level 1 in Unarmed Combat
  1228 | D:2      | Reached skill level 1 in Evocations
  1604 | D:2      | Reached skill level 1 in Shapeshifting
  1604 | D:2      | Reached XP level 4. HP: 32/32 MP: 9/11
  1980 | D:2      | Learned a level 4 spell: Airstrike
  2080 | D:3      | Reached skill level 1 in Hexes
  2080 | D:3      | Reached skill level 1 in Summonings
  2080 | D:3      | Reached skill level 1 in Necromancy
  2080 | D:3      | Reached skill level 1 in Translocations
  2080 | D:3      | Reached skill level 1 in Fire Magic
  2080 | D:3      | Reached skill level 1 in Ice Magic
  2080 | D:3      | Reached skill level 1 in Earth Magic
  2080 | D:3      | Reached skill level 1 in Alchemy
  2194 | D:3      | Found a runed translucent door.
  2194 | D:3      | Noticed peterlawrence's ghost (amateur MiFi)
  2490 | D:3      | Found a shadowy altar of Dithmenos.
  2500 | D:3      | Noticed Terence
  2501 | D:3      | Noticed Robin
  2520 | D:3      | Killed Terence
  2521 | D:3      | Reached XP level 5. HP: 37/37 MP: 4/12
  2562 | D:3      | Killed Robin
  3229 | D:4      | Found an iron altar of Okawaru.
  3578 | D:4      | Noticed a black bear
  3584 | D:4      | Killed a black bear
  3585 | D:4      | Reached skill level 5 in Dodging
  3585 | D:4      | Reached XP level 6. HP: 44/44 MP: 3/14
  3660 | D:4      | Identified the +1 dagger "Agifyrom" {freeze, rC+++ Str-5
                  | Int-4 Stlth+}
  3983 | D:5      | Entered Level 5 of the Dungeon
  4010 | D:5      | Reached XP level 7. HP: 44/51 MP: 10/15
  4211 | D:5      | Reached skill level 5 in Stealth
  4380 | D:5      | Noticed a two-headed ogre
  4392 | D:5      | Slain by a two-headed ogre

Illustrated notes

Levels and vault maps discovered:
D:1:      moated_graveyard_arrival, layout_basic, chequers_decorated_corner
D:2:      layout_basic
D:3:      layout_loops_ring, nicolae_dithmenos_shadow_blocks,
          gammafunk_ghost_grave, uniq_terence, uniq_robin
D:4:      layout_loops_cross, marbit_many_paths
D:5:      layout_basic, minmay_temple_entry_trees, serial_curves,
          eino_curves_04, eino_curves_04, grunt_ministairs_3

Skill      XL: |  1  2  3  4  5  6  7 |
---------------+----------------------+-----
Conjurations   | 2 3 |  3.1
Spellcasting   | 5 |  5.7
Invocations    | 1 2 3 |  3.0
Fighting       | 1 2 |  2.6
Short Blades   | 1 2 |  2.6
Long Blades    | 1 2 |  2.6
Axes           | 1 2 |  2.6
Maces & Flails | 1 2 |  2.6
Polearms       | 1 2 |  2.6
Staves         | 1 2 |  2.6
Ranged Weapons | 1 2 |  2.6
Throwing       | 1 2 |  2.6
Armour         | 1 2 |  2.6
Shields        | 1 2 |  2.6
Unarmed Combat | 1 2 |  2.6
Evocations     | 1 2 |  2.6
Shapeshifting  | 1 2 |  2.4
Hexes          | 1 2 |  2.1
Summonings     | 1 2 |  2.1
Necromancy     | 1 2 |  2.1
Translocations | 1 2 |  2.1
Fire Magic     | 1 2 |  2.1
Ice Magic      | 1 2 |  2.1
Earth Magic    | 1 2 |  2.1
Alchemy        | 1 2 |  2.1
Dodging        | 5 |  5.3
Stealth        | 5 |  5.0
Air Magic      | |  5.9

Action                     |  1- 3 |  4- 6 |  7- 9 || total
---------------------------+-------+-------+-------++-------
  Melee: Dagger            |    15 |       |       ||    15
         Bite              |     2 |     4 |     1 ||     7
         Spear             |       |    51 |     2 ||    53
   Cast: Shock             |    74 |    86 |    15 ||   175
         Airstrike         |       |     1 |     3 ||     4
   Stab: Sleeping          |       |     7 |       ||     7
 Armour: Robe              |    17 |     8 |       ||    25
         Leather armour    |       |    14 |    10 ||    24
  Dodge: Dodged            |    16 |    49 |    19 ||    84
